 Dungeon Crawl Stone Soup version 0.31-a0-229-g1fc7ce93e2 (webtiles) character file.

Game seed: 2694928526791206541

258 qw the Shooter (level 5, -27/45 HPs)
             Began as a Minotaur Hexslinger on July 6, 2023.
             Annihilated by an ogre
             ... wielding a +0 giant spiked club
              (33 damage)
             ... on level 5 of the Dungeon.
             The game lasted 00:01:14 (3617 turns).

qw the Shooter (Minotaur Hexslinger)                Turns: 3617, Time: 00:01:14

Health: -27/45     AC:  6    Str: 12    XL:     5   Next: 94%
Magic:  5/5        EV: 11    Int: 10    God:
Gold:   310        SH:  0    Dex: 15    Spells: 5/6 levels left

rFire   . . .        Y - +2 sling
rCold   . . .        (no shield)
rNeg    . . .        b - +0 ring mail
rPois   +            (helmet restricted)
rElec   .            (no cloak)
rCorr   +            (no gloves)
SInv    .            f - +0 pair of boots
Will    .....        h - amulet of faith
Stlth   +            e - ring of poison resistance
HPRegen 0.27/turn    l - ring of resist corrosion
MPRegen 0.09/turn

%: faith
@: no status effects
A: horns 2, retaliatory headbutt
a: no special abilities


You were on level 5 of the Dungeon.
You visited 1 branch of the dungeon, and saw 5 of its levels.

You collected 310 gold pieces.


Innate Abilities, Weirdness & Mutations

You have a pair of horns on your head.
You reflexively headbutt those who attack you in melee.


   Skills:
 + Level 3.3 Fighting
 - Level 6.1 Ranged Weapons
 - Level 1.0 Armour
 - Level 2.1 Dodging
 - Level 1.0 Spellcasting
 - Level 2.0 Hexes


You had 5 spell levels left.
You knew the following spells:

 Your Spells              Type           Power      Damage    Failure   Level
a - Slow                  Hex            16%        N/A       34%         1

Your spell library contained the following spells:

 Spells                   Type           Power      Damage    Failure   Level
 Inner Flame              Hex/Fire       2%         N/A       83%         3
 Portal Projectile        Hex/Tloc       4%         N/A       83%         3
 Cause Fear               Hex            2%         N/A       98%         4

Inventory:

Hand Weapons
 Y - a +2 sling (weapon)
Armour
 b - a +0 ring mail (worn)
 f - a +0 pair of boots (worn)
Jewellery
 e - a ring of poison resistance (left hand)
 h - an amulet of faith (around neck)
 l - a ring of resist corrosion (right hand)
Scrolls
 c - a scroll of silence {unknown}
 i - a scroll of amnesia {unknown}
Potions
 a - a potion of degeneration {unknown}
 d - a potion of berserk rage {unknown}
 g - a potion of brilliance {unknown}
 j - a potion of curing {unknown}
 k - a potion of haste {unknown}
 n - a potion of invisibility {unknown}
 p - 2 potions of enlightenment {unknown}

Dungeon Overview and Level Annotations

Branches:
Dungeon (5/15)
 Temple: D:4-7

Altars:
Makhleb
Wu Jian

Shops:
D:1 =:

Annotations:
D:4 1 runed translucent door, qw's ghost, novice GrFi


Message History

You shoot a sling bullet. The sling bullet barely misses the orc.
The orc hits you with a +0 short sword.
You shoot a sling bullet. The sling bullet barely misses the orc.
The orc closely misses you.
You shoot a sling bullet. The sling bullet hits the orc.
The orc is severely wounded.
The orc hits you but does no damage. The orc hits you with a +0 short sword.
You shoot a sling bullet. The sling bullet hits the orc.
You kill the orc!
You start resting.
HP restored.
An ogre comes into view. It is wielding a +0 giant spiked club.
The ogre shouts!
Enter note:
Enter note: You shoot a sling bullet.
The sling bullet hits the ogre!
The ogre is moderately wounded.
You shoot a sling bullet. The sling bullet hits the ogre.
The ogre is heavily wounded.
The ogre completely misses you.
You shoot a sling bullet.
The sling bullet barely misses the ogre.
The ogre hits you with a +0 giant spiked club!
You shoot a sling bullet.
The sling bullet completely misses the ogre.
The ogre barely misses you.
You shoot a sling bullet. The sling bullet hits the ogre.
The ogre is heavily wounded.
You shoot a sling bullet. The sling bullet hits the ogre!
The ogre is almost dead.
The ogre hits you with a +0 giant spiked club!!
Ouch! That really hurt!
You shoot a sling bullet. The sling bullet hits the ogre.
The ogre is almost dead.
The ogre misses you.
You shoot a sling bullet.
The sling bullet barely misses the ogre.
The ogre hits you with a +0 giant spiked club!!
Ouch! That really hurt!
You die...

#.)......# ##7.
#...<....# #.#.
#........# ...
#........# ..#
#........# ..
#..).....# #.
##.#)#####
.#####O### ###.#.#
.......@.# ##...#.#
######.#.###..###)#
#.......####.##
##............#
#...#........# ##
#.#####......#
...####.# ##......#
#....#.# #.......#
####...####.......#


You could see an ogre.

Vanquished Creatures
  2 hounds
  Jessica (D:3)
  7 adders
  A worm (D:4)
  4 dart slugs
  12 orcs
  5 bats
  4 endoplasms
  4 giant cockroaches
  9 goblins
  9 hobgoblins
  7 jackals
  6 kobolds
  3 quokkas
  3 ball pythons
  A frilled lizard (D:1)
  7 rats
85 creatures vanquished.

Notes
Turn   | Place    | Note
-------+----------+-------------------------------------------
     0 | D:1      | qw the Minotaur Hexslinger began the quest for the Orb.
     0 | D:1      | Reached XP level 1. HP: 16/16 MP: 1/1
     0 | D:1      | 0 ||| qw: Version: 0.3-a-46-gb1f654a
     0 | D:1      | 0 ||| qw: Game counter: 1427
     0 | D:1      | 0 ||| qw: Melee chars always use a shield: true
     0 | D:1      | 0 ||| qw: God list: Okawaru
     0 | D:1      | 0 ||| qw: Allow faded altars: false
     0 | D:1      | 0 ||| qw: Do Orc after clearing Dungeon:15 true
     0 | D:1      | 0 ||| qw: Do second Lair branch before Depths: true
     0 | D:1      | 0 ||| qw: Lair rune preference: random
     0 | D:1      | 0 ||| qw: Goals: Normal
     0 | D:1      | 0 ||| PLANNING D:1-11
    51 | D:1      | Reached skill level 3 in Ranged Weapons
    70 | D:1      | Found Copujuig's Vocational Training.
    76 | D:1      | Reached XP level 2. HP: 23/23 MP: 2/2
   210 | D:1      | Found Zaefor's Jewellery Boutique.
   214 | D:1      | 214 ||| SHOPLISTING +5 ring of evasion (360 gold, have 12).
   214 | D:1      | 214 ||| SHOPLISTING ring of ice (250 gold, have 12).
   214 | D:1      | 214 ||| SHOPLISTING ring of poison resistance (200 gold,
                  | have 12).
   551 | D:1      | Reached XP level 3. HP: 29/29 MP: 3/3
   796 | D:1      | 796 ||| UPGRADING to +0 leather armour.
   806 | D:1      | 806 ||| DROPPING +0 robe.
   807 | D:1      | 807 ||| UPGRADING to ring of poison resistance.
   808 | D:1      | 808 ||| READING scroll labelled ROSIELLALLI.
   809 | D:1      | 809 ||| READING scroll labelled JIMIFE BIFAR.
   810 | D:1      | 810 ||| READING scroll labelled APTAOR INGO.
   811 | D:1      | 811 ||| DROPPING scroll of poison.
   893 | D:2      | Reached skill level 4 in Ranged Weapons
  1631 | D:2      | 1631 ||| UPGRADING to +0 ring mail.
  1641 | D:2      | 1641 ||| DROPPING +0 leather armour.
  1642 | D:2      | 1642 ||| READING scroll labelled KYUHIO RIATT.
  1643 | D:2      | 1643 ||| READING scroll labelled HYOCVI TUUGA.
  1673 | D:3      | 1673 ||| STAIRDANCE
  1790 | D:3      | Reached XP level 4. HP: 36/36 MP: 4/4
  1791 | D:3      | Reached skill level 1 in Armour
  1843 | D:3      | Found an ornate altar of the Wu Jian Council.
  1843 | D:3      | Found a burning altar of Makhleb.
  1949 | D:3      | Noticed Jessica
  1956 | D:3      | Killed Jessica
  1957 | D:3      | Reached skill level 5 in Ranged Weapons
  2535 | D:3      | 2535 ||| UPGRADING to +0 pair of boots.
  2540 | D:3      | 2540 ||| READING scroll labelled RUXACW IDUTWOL.
  2641 | D:4      | Reached XP level 5. HP: 34/42 MP: 5/5
  2813 | D:4      | Reached skill level 3 in Fighting
  3140 | D:4      | Found a runed translucent door.
  3142 | D:4      | Noticed qw's ghost (novice GrFi)
  3441 | D:4      | 3441 ||| UPGRADING to amulet of faith.
  3446 | D:4      | 3446 ||| UPGRADING to ring of resist corrosion.
  3447 | D:4      | 3447 ||| DROPPING ring of flight.
  3448 | D:4      | 3448 ||| READING scroll labelled LEYNUGU LODA.
  3449 | D:4      | 3449 ||| READING scroll labelled GIR XAQAJABIPH.
  3450 | D:4      | 3450 ||| READING scroll labelled OCOGGE UTWOLOO.
  3484 | D:5      | Entered Level 5 of the Dungeon
  3541 | D:5      | Reached skill level 6 in Ranged Weapons
  3609 | D:5      | Noticed an ogre
  3615 | D:5      | HP: 5/45 [ogre/+0 giant spiked club (27)]
  3617 | D:5      | Annihilated by an ogre

Levels and vault maps discovered:
D:1:      shiori_arrival_elements, layout_loops_ring, serial_shops, shop,
          st_stairs_9, nicolae_shop_vocational
D:2:      layout_basic
D:3:      layout_loops_corners, jmf_multi_god_temple, minmay_misc_feat_iff,
          minmay_fractal_squares_gapless_5, uniq_jessica
D:4:      layout_loops_cross, ebering_ghost_sewer_d
D:5:      layout_rooms, serial_shops, nicolae_shop_pleasant_corner_grove,
          minmay_puff, uniq_grinder

Skill      XL: |  1  2  3  4  5 |
---------------+----------------+-----
Ranged Weapons | 3 4 5 6 |  6.1
Fighting       | 2 3 |  3.3
Armour         | 1 |  1.0
Dodging        | |  2.1
Spellcasting   | |  1.0
Hexes          | |  2.0

Action                     |  1- 3 |  4- 6 || total
---------------------------+-------+-------++-------
   Fire: Sling             |   118 |   152 ||   270
    Use: Scroll            |     5 |     4 ||     9
 Armour: Robe              |     2 |       ||     2
         Leather armour    |     4 |       ||     4
         Ring mail         |       |    33 ||    33
  Dodge: Dodged            |    21 |    56 ||    77

Table legend:
 A = Non-vault XP
 B = Vault XP
 C = Vault XP percentage of total XP
 D = Non-vault monster count
 E = Vault monster count
 F = Vault count percentage of total count
                 A         B        C        D         E       F
            +---------+---------+-------+---------+---------+-------
      Total |     305 |      64 |  17.3 |      77 |       8 |   9.4
            +---------+---------+-------+---------+---------+-------
        D:1 |      47 |       7 |  13.0 |      26 |       3 |  10.3
        D:2 |      34 |       0 |   0.0 |      12 |       0 |   0.0
        D:3 |      47 |      57 |  54.8 |      14 |       5 |  26.3
        D:4 |     125 |       0 |   0.0 |      21 |       0 |   0.0
        D:5 |      52 |       0 |   0.0 |       4 |       0 |   0.0
            +---------+---------+-------+---------+---------+-------
